[Event "Marienbad A2-GM 2024"]
[Site "Marianske Lazne"]
[Date "2024.01.16"]
[Round "4.10"]
[White "Rasik, Vitezslav"]
[Black "Lalic, Bogdan"]
[Result "1/2-1/2"]
[ECO "C67"]
[WhiteElo "2406"]
[BlackElo "2349"]
[Annotator "TA"]
[PlyCount "39"]
[EventDate "2024.01.10"]
[EventType "tourn"]
[EventCountry "CZE"]
[SourceTitle "playchess.com"]
[Source "ChessBase"]
[SourceQuality "1"]
[TimeControl "40/5400+30:1800+30"]

1. e4 e5 2. Nf3 Nc6 3. Bb5 Nf6 4. O-O Nxe4 5. Re1 Nd6 6. Nxe5 Be7 7. Bf1 Nxe5 8. Rxe5 O-O 9. d4 {[%emt 0:00:57] [#]} {Predecessor:} Bf6 $146 {C67: Ruy Lopez: Berlin Defence: 4 0-0 Nxe4.} 10. Re2 b6 11. Re1 Bb7 12. Bf4 Nf5 13. c3 Re8 14. Rxe8+ Qxe8 15. Qd3 g6 16. Nd2 Qe6 17. Qc4 Qxc4 18. Bxc4 d6 19. Bd3 Re8 20. f3 {½-½ Vachier Lagrave,M (2731)-Vidit,S (2737) Wch Rapid Samarkand 2023 (13)} 1/2-1/2

[Event "Marienbad A2-GM 2024"]
[Site "Marianske Lazne"]
[Date "2024.01.16"]
[Round "5.6"]
[White "Lalic, Bogdan"]
[Black "Morris, James"]
[Result "1/2-1/2"]
[ECO "E11"]
[WhiteElo "2349"]
[BlackElo "2416"]
[Annotator "TA"]
[PlyCount "25"]
[EventDate "2024.01.10"]
[EventType "tourn"]
[EventCountry "CZE"]
[SourceTitle "playchess.com"]
[Source "ChessBase"]
[SourceQuality "1"]
[TimeControl "40/5400+30:1800+30"]

1. d4 Nf6 2. c4 e6 3. Nf3 Bb4+ 4. Bd2 a5 5. Nc3 d5 6. e3 O-O 7. Bd3 {[%emt 0:00:07] E11: Bogo-Indian.} b6 8. Rc1 Bb7 9. a3 {[%emt 0:00:26] The position is equal.} Be7 10. O-O Nbd7 11. cxd5 exd5 12. Qc2 {[%emt 0:00:17] [#]} Re8 $146 (12... c5 $11) ({Predecessor:} 12... c5 13. dxc5 bxc5 14. Ne2 Ne4 15. Bc3 Ndf6 16. Rfd1 Qb6 17. Bxf6 Nxf6 18. Ng3 Rfd8 {0-1 Lintchevski,D (2555)-Potkin,V (2665) Moscow MGSU Rector Cup rapid 2012 (8)}) 13. Ne5 {[%emt 0:04:22] Weighted Error Value: White=0.03 (flawless) /Black=0.08 (flawless)} 1/2-1/2

[Event "Marienbad A2-GM 2024"]
[Site "Marianske Lazne"]
[Date "2024.01.16"]
[Round "5.7"]
[White "Raczek, Krzysztof"]
[Black "Rasik, Vitezslav"]
[Result "1/2-1/2"]
[ECO "B40"]
[WhiteElo "2347"]
[BlackElo "2406"]
[Annotator "TA"]
[PlyCount "35"]
[EventDate "2024.01.10"]
[EventType "tourn"]
[EventCountry "CZE"]
[SourceTitle "playchess.com"]
[Source "ChessBase"]
[SourceQuality "1"]
[TimeControl "40/5400+30:1800+30"]

1. e4 c5 2. Nf3 e6 3. d4 cxd4 4. Nxd4 Nf6 5. Nc3 Bb4 6. e5 Nd5 7. Bd2 Bxc3 8. bxc3 O-O 9. Bd3 {[%emt 0:15:10] aiming for c4. B40: Sicilian: 2...e6, Unusual lines.} d6 10. exd6 Qxd6 11. O-O a6 {[%emt 0:00:48] [#] Black got outplayed after the opening.   Weighted Error Value: White=0.00 (flawless) /Black=0.00 (flawless)} {Predecessor:} 12. Qf3 $146 e5 13. Qg3 Nf4 14. Bxf4 exf4 15. Qf3 Nd7 16. Nf5 Qf6 17. Qe4 g6 18. Ne7+ {½-½ Horwitz,D (2338)-Oren,I (2263) ISR-USA email 2014 [4]} 1/2-1/2

[Event "Marienbad A2-GM 2024"]
[Site "Marianske Lazne"]
[Date "2024.01.16"]
[Round "5.9"]
[White "Braeuer, Franz"]
[Black "Plat, Vojtech"]
[Result "1/2-1/2"]
[ECO "C41"]
[WhiteElo "2428"]
[BlackElo "2516"]
[Annotator "TA"]
[PlyCount "35"]
[EventDate "2024.01.10"]
[EventType "tourn"]
[EventCountry "CZE"]
[SourceTitle "playchess.com"]
[Source "ChessBase"]
[SourceQuality "1"]
[TimeControl "40/5400+30:1800+30"]

1. e4 d6 2. d4 Nf6 3. Nc3 e5 4. Nf3 Nbd7 5. Bc4 Be7 6. O-O O-O 7. a4 a5 8. h3 c6 9. Re1 (9. Be3 $5) 9... Nb6 {[%emt 0:00:13] C41: Philidor Defence.} 10. Ba2 {[%emt 0:06:07] 10.Bb3 is setting a new trend.} Nfd7 {[%emt 0:00:08] [#] A rather calm draw.} {Predecessor:} 11. Be3 $146 exd4 12. Bxd4 Nc5 13. Qd2 Ncxa4 14. Nxa4 Nxa4 15. Bxg7 Kxg7 16. Qd4+ Bf6 17. e5 dxe5 18. Qxa4 {½-½ Rapport,R (2763)-Sarana,A (2656) Speed Chess Chess.com INT blitz 2021 (1.34)} 1/2-1/2

[Event "Marienbad A2-GM 2024"]
[Site "Marianske Lazne"]
[Date "2024.01.16"]
[Round "5.10"]
[White "Can, Isik"]
[Black "Besou, Hussain"]
[Result "1-0"]
[ECO "B12"]
[WhiteElo "2500"]
[BlackElo "2277"]
[Annotator "TA"]
[PlyCount "53"]
[EventDate "2024.01.10"]
[EventType "tourn"]
[EventCountry "CZE"]
[SourceTitle "playchess.com"]
[Source "ChessBase"]
[SourceQuality "1"]
[TimeControl "40/5400+30:1800+30"]

1. e4 c6 2. d4 d5 3. e5 Bf5 4. Nf3 e6 5. Be2 Ne7 6. c3 h6 7. O-O Nd7 8. a4 {[%emt 0:01:45] B12: Caro-Kann: Advance Variation.} a5 {[%emt 0:01:07] is recently more successful than 8...a6.} 9. Na3 g5 10. Ne1 {[%emt 0:00:19] [#] White is slightly better.} Bg6 $146 ({Predecessor:} 10... Bg7 11. f4 gxf4 12. Nd3 Qb6 13. Kh1 Ng6 14. Nxf4 Nxf4 15. Rxf4 f6 16. Rxf5 exf5 {1-0 Zhigalko,S (2635)-Tari,A (2593) WchT 11th Khanty-Mansiysk 2017 (6.1)}) 11. f4 Nf5 12. Bd3 gxf4 13. Bxf4 h5 14. Nac2 Qb6 15. Qd2 Qxb2 ({Black should play} 15... Be7 $14) 16. Nf3 $36 {[%emt 0:00:35][%mdl 2048] [#] Hoping for Rfb1. White is in control.} Qb6 17. Rab1 {[%emt 0:00:12] Against c5} Qc7 18. Ne3 {[%emt 0:00:41] White is more active.} Nxe3 19. Bxe3 (19. Qxe3 Rg8 $14) 19... O-O-O {[%emt 0:05:46] [#]} (19... Bxd3 $16 20. Qxd3 Be7) 20. Ng5 $1 {[%emt 0:09:16] aiming for Bxg6.} Rg8 (20... Re8 $142 21. Nxf7 Rg8 22. Bxg6 Rxg6) 21. Bxg6 ({Less strong is} 21. Nxf7 Re8 22. h4 c5 23. Bxg6 Rxg6 $18) 21... Rxg6 22. Rxf7 ({Weaker is} 22. Nxf7 Re8 23. Qd3 Rg7 $18) 22... Bh6 23. h4 Rdg8 24. Qe2 Qd8 25. Qxh5 ({Don't do} 25. Qb2 $6 Qc7 26. Qe2 c5 27. Qxh5 Qc6 $18) 25... Qe8 {[%emt 0:00:23] Strongly threatening ...Bxg5.} 26. Rbf1 {[%emt 0:04:27] Rh7 is the strong threat.} Nb6 $2 (26... Kc7 27. R1f2 c5) 27. Rh7 {[%emt 0:00:46] Weighted Error Value: White=0.04 (flawless) /Black=0.36} 1-0

[Event "Marienbad A2-GM 2024"]
[Site "Marianske Lazne"]
[Date "2024.01.17"]
[Round "6.6"]
[White "Morris, James"]
[Black "Besou, Hussain"]
[Result "1-0"]
[ECO "B31"]
[WhiteElo "2416"]
[BlackElo "2277"]
[Annotator "TA"]
[PlyCount "117"]
[EventDate "2024.01.10"]
[EventType "tourn"]
[EventCountry "CZE"]
[SourceTitle "playchess.com"]
[Source "ChessBase"]
[SourceQuality "1"]
[TimeControl "40/5400+30:1800+30"]

1. e4 c5 2. Nf3 Nc6 3. Bb5 g6 4. O-O Bg7 5. Re1 Nf6 6. Nc3 O-O 7. e5 Ne8 8. Bxc6 dxc6 9. h3 Nc7 10. d3 b6 11. Ne4 Ne6 12. Ng3 {[%emt 0:05:51] B31: Sicilian: 2...Nc6 3 Bb5 g6.} Nd4 {[%emt 0:13:21] [#]} 13. c3 $146 ({Predecessor:} 13. Bf4 Qd5 14. Re4 Be6 15. Nxd4 cxd4 16. Qd2 Rfe8 17. b3 a5 18. Rae1 a4 19. Bh6 Bh8 {1-0 Vaishali,R (2497)-Jacobsen,M (2261) Sant Boi de Llobregat op 4th 2023 (1)}) 13... Nxf3+ 14. Qxf3 {[%emt 0:00:02] Black has an edge.} Qd5 15. Qxd5 cxd5 16. d4 Ba6 17. Be3 Rfc8 18. f4 e6 19. Nh1 cxd4 20. Bxd4 Bh6 21. g3 g5 22. fxg5 Bxg5 23. Nf2 h5 24. Kg2 Kh7 25. Kf3 Rg8 26. h4 Be7 27. Nh3 {[%emt 0:03:10] White is weak on the light squares} Bd3 28. Nf4 Bf5 29. Kf2 Bg4 30. a4 Rgc8 31. a5 Bc5 32. axb6 Bxd4+ 33. cxd4 axb6 {[%emt 0:00:15] ...Rxa1 would be deadly.} 34. Rxa8 Rxa8 $11 {[%emt 0:00:04][%mdl 4096] Endgame KRB-KRN} 35. Re3 Ra4 36. Rd3 $1 Rb4 37. b3 Rb5 38. Rc3 Ra5 {[%emt 0:00:13] Strongly threatening ...Ra2+.} 39. Ke3 (39. Rc6 $11) 39... Ra1 $1 $15 40. Rd3 (40. b4 $15) 40... b5 $1 $17 41. Rc3 b4 42. Rc7 Kg7 43. Rb7 (43. Nd3 $17) 43... Rf1 $19 44. Rxb4 ({Don't play} 44. Kd2 Rf2+ 45. Kd3 Rf3+ 46. Kd2 Rxg3 47. Rxb4 Rf3) 44... Rf3+ 45. Kd2 Rxg3 46. Rb8 (46. Ra4 $142 Rxb3 47. Ra1) 46... Rf3 47. Nd3 Bf5 48. Nc5 Rf4 49. Ke3 Rxh4 50. b4 Rh1 $1 51. Nd7 {[%emt 0:03:29] [#]} h4 $1 52. Nf6 {[%emt 0:00:03] [#]} h3 $1 53. Kf4 $2 (53. Ra8) 53... Bh7 $2 ({Worse is} 53... h2 54. Rg8+ Kh6 55. Rh8+ Kg7 56. Rg8+ Kh6 57. Rh8+ Kg7 58. Rg8+ $11) ({Black should try} 53... Rf1+ $19 54. Kg3 Rg1+ 55. Kh2 Rg2+ 56. Kh1 Rd2) 54. Kg3 $11 Rd1 {[%emt 0:01:02] Threatens to win with ...Rd3+.} 55. Kxh3 Rxd4 {[%emt 0:00:05] And now ...Bf5+ would win.} 56. b5 Rb4 {[%emt 0:00:36] aiming for ...Bg6.} 57. b6 d4 58. Kg4 {[%emt 0:00:10] Threatening mate with Kg5.} d3+ $2 (58... Rb1 $11) 59. Kg5 {[%emt 0:01:26] Quite a comeback for White.   Weighted Error Value: White=0.17 (very precise) /Black=0.24 (precise)} 1-0

[Event "Marienbad A2-GM 2024"]
[Site "Marianske Lazne"]
[Date "2024.01.17"]
[Round "6.7"]
[White "Plat, Vojtech"]
[Black "Can, Isik"]
[Result "1/2-1/2"]
[ECO "D10"]
[WhiteElo "2516"]
[BlackElo "2500"]
[Annotator "TA"]
[PlyCount "34"]
[EventDate "2024.01.10"]
[EventType "tourn"]
[EventCountry "CZE"]
[SourceTitle "playchess.com"]
[Source "ChessBase"]
[SourceQuality "1"]
[TimeControl "40/5400+30:1800+30"]

1. d4 d5 2. c4 c6 3. Nc3 Nf6 4. cxd5 cxd5 5. Bf4 Nc6 6. e3 Bf5 7. Qb3 {[%emt 0:00:32] 7.Nf3 is the hot move.} Na5 $1 8. Qa4+ {[%emt 0:00:06] D10: Slav Defence: 3 cxd5 (without early Nf3) and 3 Nc3.} Bd7 9. Qc2 {[%emt 0:00:06] [#] An uneventful encounter.} {Predecessor:} e6 $146 10. Bd3 Rc8 11. Nf3 Bb4 12. O-O O-O 13. Bg5 h6 14. Bh4 a6 15. Ne5 Bb5 16. Bxb5 axb5 17. Bxf6 gxf6 {½-½ Giri,A (2768)-Firouzja,A (2785) Bucharest Superbet Classic 3rd 2023 (2)} 1/2-1/2

[Event "Marienbad A2-GM 2024"]
[Site "Marianske Lazne"]
[Date "2024.01.17"]
[Round "6.8"]
[White "Agdelen, Huseyin Can"]
[Black "Braeuer, Franz"]
[Result "1/2-1/2"]
[ECO "C84"]
[WhiteElo "2409"]
[BlackElo "2428"]
[Annotator "TA"]
[PlyCount "40"]
[EventDate "2024.01.10"]
[EventType "tourn"]
[EventCountry "CZE"]
[SourceTitle "playchess.com"]
[Source "ChessBase"]
[SourceQuality "1"]
[TimeControl "40/5400+30:1800+30"]

1. e4 e5 2. Nf3 Nc6 3. Bb5 a6 4. Ba4 Nf6 5. O-O Be7 6. d3 b5 7. Bb3 d6 8. a4 b4 9. Nbd2 {[%emt 0:04:47] C84: Closed Ruy Lopez: Unusual White 6th moves.} O-O 10. c3 Rb8 11. Re1 h6 12. h3 Na5 13. Bc2 {[%emt 0:00:25] The position is equal.} c5 14. Nf1 Be6 {[%emt 0:02:46] [#]} 15. d4 $146 ({Predecessor:} 15. Ng3 bxc3 16. bxc3 Nb3 17. Rb1 Nxc1 18. Rxc1 Qa5 19. d4 cxd4 20. cxd4 Rfc8 21. Bd3 {0-1 Perera Alfonso,R (2320)-Ghosh,D (2538) Gran Canaria Online Blitz 3rd 2022 (2)}) 15... bxc3 16. bxc3 Nb3 17. Rb1 Nxc1 18. Rxc1 cxd4 19. cxd4 Qa5 20. Qd2 Qxd2 {[%emt 0:14:59] A rather calm draw.   Weighted Error Value: White=0.04 (flawless) /Black=0.04 (flawless)} 1/2-1/2

[Event "Marienbad A2-GM 2024"]
[Site "Marianske Lazne"]
[Date "2024.01.17"]
[Round "6.9"]
[White "Rasik, Vitezslav"]
[Black "Nguyen, Alex Dac-Vuong"]
[Result "1/2-1/2"]
[ECO "C00"]
[WhiteElo "2406"]
[BlackElo "2347"]
[Annotator "TA"]
[PlyCount "21"]
[EventDate "2024.01.10"]
[EventType "tourn"]
[EventCountry "CZE"]
[SourceTitle "playchess.com"]
[Source "ChessBase"]
[SourceQuality "1"]
[TimeControl "40/5400+30:1800+30"]

1. e4 e6 2. d3 c5 3. Nf3 Nc6 4. g3 g6 5. Bg2 Bg7 6. O-O d6 7. c3 {[%emt 0:08:20][%cal Bc2c3,Bc3d4,Bd4c5][%mdl 32] The position is equal.} e5 {[%emt 0:00:14] A04: Unusual lines after 1 Nf3 and King's Indian Attack.} 8. a3 Nf6 {[%emt 0:05:06] [#]} 9. d4 $146 ({Predecessor:} 9. b4 O-O 10. b5 Ne7 11. c4 Ne8 12. Nc3 f5 13. Ra2 Nc7 14. exf5 Nxf5 15. Ng5 {0-1 Solon,N (2306)-Kamsky,G (2666) Titled Tuesday intern op 16th Aug Late blitz 2022 (8)}) 9... exd4 ({Don't do} 9... Nxe4 10. d5 $16) 10. cxd4 Bg4 11. dxc5 $1 {[%emt 0:16:31] A rather calm draw.   Weighted Error Value: White=0.07 (flawless) /Black=0.03 (flawless)} 1/2-1/2

[Event "Marienbad A2-GM 2024"]
[Site "Marianske Lazne"]
[Date "2024.01.17"]
[Round "6.10"]
[White "Lalic, Bogdan"]
[Black "Raczek, Krzysztof"]
[Result "1-0"]
[ECO "D37"]
[WhiteElo "2349"]
[BlackElo "2347"]
[Annotator "TA"]
[PlyCount "69"]
[EventDate "2024.01.10"]
[EventType "tourn"]
[EventCountry "CZE"]
[SourceTitle "playchess.com"]
[Source "ChessBase"]
[SourceQuality "1"]
[TimeControl "40/5400+30:1800+30"]

1. d4 Nf6 2. c4 e6 3. Nf3 d5 4. Nc3 dxc4 5. e3 c5 6. Bxc4 a6 7. a4 Nc6 8. O-O Be7 9. Qe2 O-O 10. Rd1 cxd4 11. Nxd4 {[%emt 0:00:21] D27: Queen's Gambit Accepted: Classical main line: 7 e4!? and 7 a4.} Nxd4 12. exd4 {[%emt 0:00:09][%cal Be3d4,Bd4d5,Bd5d6,Bd6d7][%mdl 32] [#]} Bd6 $146 (12... Re8 $11) ({Predecessor:} 12... Nd5 13. Qe4 f5 {½-½ Ovsejevitsch,S (2562)-Zubov,A (2591) Mukachevo Summer op 2013 (9)}) 13. Bg5 $1 $14 {[%emt 0:02:06] White is slightly better.} h6 14. Bh4 Re8 $2 {[%emt 0:33:06] [#] This move loses the game for Black.} (14... g5 $1 $11 {and Black stays safe.} 15. Bg3 Bxg3 16. hxg3 Re8) 15. Ne4 $1 $18 {[%emt 0:01:17] Strongly threatening Nxf6+.} Be7 16. Bxf6 Bxf6 17. d5 {[%emt 0:00:04] White is much more active. The black rooks are badly placed.} e5 (17... exd5 {was called for.} 18. Nxf6+ (18. Bxd5 Qe7 $16) (18. Rxd5 Bd7 $16) 18... gxf6 19. Rxd5 Qe7) 18. d6 {[%emt 0:00:37][%cal Od6d7] And now d7! would win.} Bf5 19. Bd5 Bxe4 20. Qxe4 Rb8 {[%emt 0:03:14] Black is weak on the light squares} 21. Bxb7 (21. Rac1 $18) 21... Qb6 22. d7 Red8 23. Bc8 a5 24. b3 Qa7 (24... Qe6 $16 {keeps fighting.} 25. Rac1 Rb6) 25. Qd5 Rb4 26. Rac1 Kh7 $2 {[%emt 0:08:07] [#]} (26... e4 27. Rc2 Qb6) 27. g3 ({Not} 27. Qxf7 Rf4 $18) 27... Kg8 28. Rc5 {[%emt 0:01:55] White is clearly winning.} Rxb3 29. Rxa5 Qc7 30. Qc5 Qxc5 31. Rxc5 Kf8 32. a5 Ke7 33. a6 Ra3 34. Rcc1 e4 35. Rc4 {[%emt 0:00:11] Weighted Error Value: White=0.18 (very precise) /Black=0.46} 1-0

[Event "Marienbad A2-GM 2024"]
[Site "Marianske Lazne"]
[Date "2024.01.18"]
[Round "7.6"]
[White "Raczek, Krzysztof"]
[Black "Morris, James"]
[Result "0-1"]
[ECO "A06"]
[WhiteElo "2347"]
[BlackElo "2416"]
[Annotator "TA"]
[PlyCount "132"]
[EventDate "2024.01.10"]
[EventType "tourn"]
[EventCountry "CZE"]
[SourceTitle "playchess.com"]
[Source "ChessBase"]
[SourceQuality "1"]
[TimeControl "40/5400+30:1800+30"]

1. Nf3 d5 2. e3 c5 3. b3 Nf6 4. Bb2 Nc6 5. Bb5 Bd7 6. O-O g6 {[%emt 0:01:48] [#] A06: Réti Opening: 1 Nf3 d5.} 7. e4 $146 ({Predecessor:} 7. c4 dxc4 8. Bxc4 Bg7 9. d4 cxd4 10. Nxd4 O-O 11. Nd2 Rc8 12. Rc1 a6 13. N2f3 Qa5 14. Qe2 Nxd4 15. Bxd4 {1-0 Carlsen,M (2839)-Vidit,S (2716) Chess.com Speed Chess blitz 2023 (1.22)}) 7... dxe4 $15 8. Ng5 {[%emt 0:04:42] [#]} (8. Bxc6 $15 Bxc6 9. Ne5) 8... Nd4 $1 $17 {[%emt 0:00:07][%mdl 64] Discovered Attack. Black is better.} 9. Bc4 e6 10. Re1 Bg7 (10... Bh6 $17 11. Nxe4 Nxe4 12. Rxe4 Bc6 13. Bxd4 cxd4) 11. Nc3 $15 Bc6 12. Ncxe4 Nxe4 13. Nxe4 O-O 14. c3 Nf5 15. Bf1 b6 16. d3 Qc7 17. Qe2 Rad8 18. Rad1 Rd7 19. Bc1 Ne7 20. Qc2 Nd5 21. a3 h6 (21... f5 22. Ng5 $16) 22. Bb2 Nf6 23. Nxf6+ Bxf6 24. b4 Ba8 (24... Bb7 {with more complications.} 25. c4 Bd4 26. b5 h5) 25. bxc5 (25. c4 {seems wilder.} Bd4 26. Ra1 Bb7 27. Qd2) 25... Qxc5 26. Qd2 Bg7 {[%emt 0:00:55] Black is much more active.} 27. d4 Qc6 28. Qe3 Rfd8 29. Ra1 Rd5 30. Qf3 Qc7 31. Qg3 R8d6 32. Bc1 Rd7 33. Bf4 Qd8 34. Ra2 Bc6 35. h3 Ra5 36. Bd3 Qe7 37. Rae2 $1 Qf6 (37... Qxa3 $2 38. Rxe6 fxe6 39. Qxg6 $18) (37... Rxa3 38. Bxg6 Kh8 39. Bb1 (39. Be4 Bxe4 40. Rxe4 Qf8 $14) 39... Bxd4 40. Be5+ (40. Bxh6 Rxc3 41. Qg4 Rc5 $11) 40... Bxe5 41. Qxe5+ f6 42. Qb8+ (42. Qxe6 Qxe6 43. Rxe6 Ba4 $16) 42... Rd8 43. Rxe6 Rxb8 44. Rxe7 $16) 38. Bc1 Bb5 (38... Bf8 $15) 39. c4 {[%emt 0:02:14] [#]} (39. Re5 $1 $11 {keeps the balance.} a6 40. Bc2) 39... Bc6 $1 $17 (39... Qxd4 40. Bxg6 fxg6 41. cxb5 $16) 40. d5 exd5 41. Bb2 d4 42. Bc1 {[%emt 0:00:03] Inhibits Rg5.} Rd8 43. Qc7 (43. Bd2 $17) 43... Qd6 44. Re8+ $2 {[%emt 0:00:00] Loses the game.} Bxe8 $19 45. Rxe8+ Rxe8 46. Qxd6 {[%emt 0:00:00] Strongly threatening Bd2.} Re1+ 47. Bf1 {[%emt 0:00:00] aiming for Qb8+.} Rxc1 48. g4 (48. g3 $142) 48... Bf8 49. Qd8 (49. Qf4 $142 Rd1 50. Kg2) 49... Rxa3 {[%emt 0:00:00] Hoping for ...Raa1.} 50. Kg2 Rc2 51. c5 bxc5 52. Qd5 Raa2 53. Bc4 Rxf2+ 54. Kg1 Rab2 {[%emt 0:00:00] ...Rf6 is the strong threat.} 55. h4 Rf4 {[%emt 0:00:00] ...Rc2 would be deadly.} 56. Kh1 Rbf2 (56... Rxg4 $2 57. Qxf7+ Kh8 58. Qg8#) 57. Kg1 R2f3 ({Not} 57... Rxg4+ 58. Kxf2 Rf4+ 59. Ke2 $16) 58. Kg2 Rc3 (58... Rxg4+ {gets mated.} 59. Kxf3 Kh8 60. Qxf7) 59. h5 d3 60. hxg6 Rcxc4 {[%emt 0:00:10] Black mates.} ({Don't play} 60... Rfxc4 61. Qxf7+ Kh8 62. Qxf8#) 61. gxf7+ Kg7 62. Qe5+ Kxf7 63. Qd5+ Kg7 64. g5 Rg4+ 65. Kf3 Rcf4+ 66. Ke3 Rxg5 {[%emt 0:00:13] Weighted Error Value: White=0.67/Black=0.12 (very precise)} 0-1

[Event "Marienbad A2-GM 2024"]
[Site "Marianske Lazne"]
[Date "2024.01.18"]
[Round "7.7"]
[White "Nguyen, Alex Dac-Vuong"]
[Black "Lalic, Bogdan"]
[Result "1/2-1/2"]
[ECO "C78"]
[WhiteElo "2347"]
[BlackElo "2349"]
[Annotator "TA"]
[PlyCount "32"]
[EventDate "2024.01.10"]
[EventType "tourn"]
[EventCountry "CZE"]
[SourceTitle "playchess.com"]
[Source "ChessBase"]
[SourceQuality "1"]
[TimeControl "40/5400+30:1800+30"]

1. e4 e5 2. Nf3 Nc6 3. Bb5 a6 4. Ba4 Nf6 5. O-O Bc5 6. c3 O-O 7. d4 Ba7 8. dxe5 {[%emt 0:06:02] [#] And now Bxc6 would win. C78: Ruy Lopez: Archangelsk and Möller Defences.} Nxe4 9. Qd5 Nc5 10. Bc2 {[%emt 0:00:27] White has an edge.} Ne7 11. Qd1 {[%emt 0:11:23][%cal Oc2h7] Bxh7+! is the strong threat.} (11. Qc4 {keeps more tension.} d5 12. exd6 cxd6 13. Bg5) 11... d5 {[%emt 0:00:14] The position is equal.} 12. exd6 Qxd6 13. Qxd6 cxd6 {[%emt 0:00:07] [#]} 14. Nd4 $146 ({Predecessor:} 14. Na3 Bg4 15. Re1 Ne6 16. Ng5 h6 17. h3 Bf5 18. Nf3 Bc5 19. Bxf5 Nxf5 20. Nc2 Rad8 21. Ne3 Ne7 22. Nc2 Nf5 23. Ne3 Ne7 {½-½ Kovalev,V (2612)-Praggnanandhaa,R (2688) Sharjah Masters 6th 2023 (5)}) 14... Ne6 15. Nf3 d5 16. Re1 Nc6 {[%emt 0:00:22] Not much happened in this game.   Weighted Error Value: White=0.06 (flawless) /Black=0.00 (flawless)} 1/2-1/2